 Dungeon Crawl Stone Soup version 0.19.0 (webtiles) character file.

2262 Danakh the Cleaver (level 9, -2/79 HPs)
             Began as a Minotaur Fighter on Nov 5, 2016.
             Was an Initiate of Gozag.
             Slain by a killer bee (6 damage)
             ... on level 7 of the Dungeon.
             The game lasted 00:12:02 (5296 turns).

Danakh the Cleaver (Minotaur Fighter)               Turns: 5296, Time: 00:12:03

Health: -2/79      AC: 14    Str: 29    XL:     9   Next: 15%
Magic:  8/8        EV: 11    Int:  5    God:    Gozag
Gold:   401        SH: 12    Dex: 15    Spells: 0 memorised, 8 levels left

rFire  . . .     SeeInvis .     a - +0 war axe
rCold  . . .     Gourm    .     x - +0 plate armour
rNeg   . . .     Faith    .     c - +0 shield
rPois  .         Spirit   .     (helmet restricted)
rElec  .         Reflect  .     A - +0 cloak
rCorr  +         Harm     .     (no gloves)
MR     .....                    (no boots)
Stlth  ..........               (no amulet)
                                B - ring of resist corrosion
                                r - ring of flight

@: mighty, agile, lethally poisoned (-2 -> -3), flying, hasted, very quick
A: retaliatory headbutt, horns 2
a: Potion Petition, Call Merchant, Bribe Branch, Renounce Religion


You were on level 7 of the Dungeon.
You worshipped Gozag.
Gozag was aware of your devotion.
You were hungry.

You visited 2 branches of the dungeon, and saw 8 of its levels.

You collected 508 gold pieces.
You paid 107 gold pieces to Gozag.

Inventory:

Hand Weapons
 a - a +0 war axe (weapon)
 v - the +9 dagger of Greed {antimagic, rC+ Dex+2 SInv}
   (You found it on level 5 of the Dungeon)

   It reduces the magical energy of the wielder, and disrupts the spells and
   magical abilities of those hit.
   Natural abilities and divine invocations are not affected.
   It affects your dexterity (+2).
   It protects you from cold.
   It lets you see invisible.
Armour
 c - a +0 shield (worn)
 x - a +0 plate armour (worn)
 A - a +0 cloak (worn)
Jewellery
 r - a ring of flight (left hand)
 B - a ring of resist corrosion (right hand)
Wands
 w - a wand of flame (29/48)
Scrolls
 e - a scroll of blinking {unknown}
 h - a scroll of fear {unknown}
 i - 5 scrolls of enchant armour {unknown}
 m - a scroll of enchant weapon {unknown}
 n - 2 scrolls of teleportation {unknown}
 p - 2 scrolls of fog {unknown}
 q - a scroll of immolation {unknown}
 s - a scroll of remove curse {unknown}
 t - 2 scrolls of magic mapping {unknown}
 u - 3 scrolls of noise {unknown}
 y - 2 scrolls of identify {unknown}
Potions
 d - 3 potions of might
 g - a potion of flight {unknown}
 j - 5 potions of degeneration {unknown}
 l - 3 potions of curing {unknown}
 o - a potion of agility {unknown}
 z - a potion of brilliance {unknown}
Comestibles
 b - a meat ration
 f - 8 bread rations
 k - 3 slices of pizza


   Skills:
 + Level 7.5 Fighting
 * Level 9.6 Axes
 + Level 7.5 Armour
 + Level 7.2 Shields


You had 8 spell levels left.
You didn't know any spells.

Dungeon Overview and Level Annotations

Branches:
Dungeon (7/15)             Temple (1/1) D:6

Altars:
Ashenzari
Cheibriados
Elyvilon
Fedhas
Gozag
Hepliaklqana
Kikubaaqudgha
Makhleb
Nemelex Xobeh
Okawaru
Ru
Sif Muna
Trog
Uskayaw
Vehumet
Xom
The Shining One

Shops:
D:6 [


Innate Abilities, Weirdness & Mutations

You reflexively headbutt those who attack you in melee.
You have a pair of horns on your head.


Message History

The killer bee is severely wounded.
You block the killer bee's attack. The killer bee stings you.
* * * LOW HITPOINT WARNING * * *
You closely miss the killer bee.
The killer bee is severely wounded.
You feel sick.
The killer bee stings you but does no damage.
The killer bee stings you.
* * * LOW HITPOINT WARNING * * *
[a] - 0 gold - haste, flight, might and agility [b] - 0 gold - might, agility and brilliance [c] - 0 gold - might and agility Purchase which effect?
You feel yourself speed up.
You feel very buoyant.
You fly up into the air.
You feel very mighty all of a sudden.
You feel agile all of a sudden. You block the killer bee's attack.
The killer bee stings you.
You die...
Your body crumbles into a pile of gold.

#####################
.....Fy@............#
.##################.####
...........#
#######.##.# #.##.#
##.##(# $ . #..##.#
#...#####.###.#
#.........# #.#


You could see a bullfrog and a killer bee.

Vanquished Creatures
  Menkaure (D:4)
  Edmund (D:4)
  A sky beast (D:6)
  The ghost of DemiseSR the Chopper, an amateur MiBe of Trog (D:4)
  An ogre (D:6)
  2 centaurs
  Blork the orc (D:6)
  3 bullfrogs
  A scorpion (D:4)
  4 killer bees (D:7)
  3 crimson imps
  A jelly (D:5)
  A bullfrog zombie (D:4)
  Crazy Yiuf (D:5)
  4 centaur zombies
  2 orc priests
  5 orc wizards (D:6)
  4 bullfrog skeletons
  2 centaur skeletons (D:4)
  2 hounds
  2 iguanas
  A worker ant (D:4)
  A hound zombie (D:4)
  2 worker ant zombies (D:4)
  4 gnolls (D:6)
  2 howler monkey skeletons (D:4)
  6 adders
  2 shadow imps
  An ooze (D:4)
  4 adder zombies (D:4)
  4 adder skeletons (D:4)
  6 worms
  7 dart slugs
  4 leopard geckos
  10 orcs
  3 giant cockroaches
  6 goblins
  5 hobgoblins
  3 quokkas
  3 ball pythons
  6 bats
  5 frilled lizards
  2 giant cockroach zombies
  A jackal skeleton (D:4)
  2 jackal zombies (D:4)
  6 kobolds
  A leopard gecko skeleton (D:4)
  A leopard gecko zombie (D:4)
  A quokka skeleton (D:4)
  A quokka zombie (D:4)
  7 rats
150 creatures vanquished.

Notes
Turn   | Place    | Note
-------+----------+-------------------------------------------
     0 | D:1      | Danakh the Minotaur Fighter began the quest for the Orb.
     0 | D:1      | Reached XP level 1. HP: 19/19 MP: 0/0
   264 | D:1      | Reached XP level 2. HP: 27/27 MP: 1/1
   580 | D:1      | Reached skill level 3 in Axes
  1367 | D:2      | Reached XP level 3. HP: 27/33 MP: 2/2
  2090 | D:3      | Reached skill level 4 in Axes
  2090 | D:3      | Reached XP level 4. HP: 39/40 MP: 3/3
  2306 | D:3      | Noticed a bullfrog
  2309 | D:3      | Killed a bullfrog
  2536 | D:4      | Noticed Menkaure
  2556 | D:4      | Reached XP level 5. HP: 13/47 MP: 4/4
  2561 | D:4      | Reached skill level 5 in Axes
  2841 | D:4      | Reached XP level 6. HP: 43/55 MP: 5/5
  2923 | D:4      | Reached skill level 5 in Fighting
  2932 | D:4      | Reached skill level 5 in Armour
  3010 | D:4      | Reached skill level 5 in Shields
  3151 | D:4      | Noticed DemiseSR's ghost (amateur MiBe)
  3162 | D:4      | Killed DemiseSR's ghost
  3162 | D:4      | Reached skill level 6 in Axes
  3162 | D:4      | Killed Menkaure
  3162 | D:4      | Reached XP level 7. HP: 49/61 MP: 6/6
  3244 | D:4      | Noticed Edmund
  3258 | D:4      | Killed Edmund
  3258 | D:4      | Reached skill level 7 in Axes
  3691 | D:5      | Entered Level 5 of the Dungeon
  3714 | D:5      | Reached XP level 8. HP: 69/70 MP: 7/7
  3757 | D:5      | Got an ancient dagger
  3761 | D:5      | Identified the +9 dagger of Greed {antimagic, rC+ Dex+2 SInv} (You found it on level 5 of the Dungeon)
  3897 | D:5      | Reached skill level 8 in Axes
  4083 | D:5      | Found a runed door.
  4087 | D:5      | Noticed Crazy Yiuf
  4094 | D:5      | Killed Crazy Yiuf
  4587 | D:6      | Found Wiqeusom's Antique Armour Shoppe.
  4624 | D:6      | Found a staircase to the Ecumenical Temple.
  4639 | Temple   | Entered the Ecumenical Temple
  4726 | Temple   | Became a worshipper of Gozag Ym Sagoz the Greedy
  4790 | D:6      | Reached skill level 9 in Axes
  4808 | D:6      | Found an iron altar of Okawaru.
  4916 | D:6      | Noticed Blork the orc
  4921 | D:6      | Killed Blork the orc
  4954 | D:6      | Reached XP level 9. HP: 79/79 MP: 2/8
  5296 | D:7      | Slain by a killer bee

Skill      XL: |  1  2  3  4  5  6  7  8 |
---------------+-------------------------+-----
Axes           | 3 4 5 6 7 9 |  9.6
Shields        | 4 5 7 |  7.2
Armour         | 4 5 6 7 |  7.5
Fighting       | 4 5 7 |  7.5

Action                   |  1- 3 |  4- 6 |  7- 9 || total
-------------------------+-------+-------+-------++-------
Melee: War axe           |   100 |    87 |   280 ||   467
       Headbutt          |    17 |    17 |    49 ||    83
       Dagger            |       |       |     2 ||     2
Invok: Potion Petition   |       |       |     1 ||     1
  Eat: Chunk             |     3 |     4 |     2 ||     9
       Meat ration       |       |       |     1 ||     1
Armor: Scale mail        |    19 |       |       ||    19
       Chain mail        |    41 |    58 |       ||    99
       Plate armour      |       |     7 |   175 ||   182
Dodge: Dodged            |    20 |    25 |    51 ||    96
Block: Shield            |    47 |    60 |   172 ||   279
